 Dungeon Crawl Stone Soup version 0.21-a0-515-g8d4ebbe (webtiles) character file.

7074 BingusPrime the Cleaver (level 10, -4/86 HPs)
             Began as a Minotaur Fighter on Dec 2, 2017.
             Was an Elder of Dithmenos.
             Slain by a nine-headed hydra (10 damage)
             ... on level 11 of the Dungeon.
             The game lasted 00:38:57 (11710 turns).

BingusPrime the Cleaver (Minotaur Fighter)         Turns: 11710, Time: 00:38:58

Health: -4/86      AC: 19    Str: 23    XL:     10   Next: 84%
Magic:  0/9        EV:  8    Int:  5    God:    Dithmenos [****..]
Gold:   565        SH:  0    Dex: 13    Spells: 9/9 levels left

rFire    . . .     SeeInvis .   N - +0 battleaxe
rCold    . . .     Gourm    .   (shield currently unavailable)
rNeg     . . .     Faith    .   P - +0 plate armour
rPois    .         Spirit   +   w - +0 hat
rElec    .         Reflect  .   s - +1 cloak
rCorr    .         Harm     .   C - +0 pair of gloves
MR       +....                  n - +0 pair of boots
Stlth    ..........             j - amulet of guardian spirit
HPRegen  0.24/turn              z - ring of protection from magic
MPRegen  0.11/turn              S - +2 ring of strength

@: wreathed by umbra
A: retaliatory headbutt, horns 2
a: Shadow Step, Renounce Religion


You were on level 11 of the Dungeon.
You worshipped Dithmenos.
Dithmenos was greatly pleased with you.
You were not hungry.

You visited 1 branch of the dungeon, and saw 11 of its levels.

You collected 565 gold pieces.

Inventory:

Hand Weapons
 a - a +0 war axe
 N - a +0 battleaxe (weapon)
Missiles
 r - 155 stones
 L - 6 steel tomahawks (quivered)
 O - 8 tomahawks
 R - 5 silver tomahawks
Armour
 b - a +0 scale mail
 c - a +0 shield
 m - a +0 chain mail
 n - a +0 pair of boots (worn)
 s - a +1 cloak (worn)
 w - a +0 hat (worn)
 C - a +0 pair of gloves (worn)
 P - a +0 plate armour (worn)
 Q - a +0 helmet
Magical Staves
 B - a cursed staff of cold {unknown}
Jewellery
 j - an amulet of guardian spirit (around neck)
 z - a ring of protection from magic (left hand)
 G - an uncursed ring of wizardry
 S - a +2 ring of strength (right hand)
Wands
 d - a wand of polymorph (16)
 x - a wand of iceblast (2)
 D - a wand of enslavement (6)
 I - a wand of digging (23)
Scrolls
 e - 2 scrolls of immolation
 g - 9 scrolls of remove curse
 i - 3 scrolls of fog
 k - 6 scrolls of teleportation
 u - 2 scrolls of blinking
 v - 2 scrolls of noise
 y - 2 scrolls of amnesia
 J - 2 scrolls of enchant weapon
 M - a scroll of magic mapping
Potions
 h - 3 potions of curing
 o - 2 potions of magic
 q - 3 potions of heal wounds
 t - a potion of cancellation
 E - a potion of agility
 F - a potion of flight {unknown}
 H - 2 potions of brilliance {unknown}
 K - 2 potions of lignification
Comestibles
 f - 6 bread rations
 l - 11 royal jellies
 p - 6 meat rations
 A - 3 fruits


   Skills:
 + Level 7.5 Fighting
 * Level 13.6 Axes
 + Level 4.6 Throwing
 + Level 8.8 Armour
 + Level 2.9 Dodging
 + Level 1.1 Stealth
 + Level 7.8 Shields


You had 9 spell levels left.
You didn't know any spells.

Dungeon Overview and Level Annotations

Branches:
Dungeon (11/15)            Temple (0/1) D:5             Orc (0/2) D:10
   Lair: D:8-11

Altars:
Dithmenos
Elyvilon
Gozag
Hepliaklqana
Makhleb
Nemelex Xobeh
Sif Muna
Trog
Xom
Zin
The Shining One

Shops:
D:4 [

Portals:
Bailey: D:11


Innate Abilities, Weirdness & Mutations

You reflexively headbutt those who attack you in melee.
You have a pair of horns on your head.


Message History

The nine-headed hydra bites you.
* * * LOW HITPOINT WARNING * * *
The nine-headed hydra closely misses you. x2
The nine-headed hydra bites you.
* * * LOW HITPOINT WARNING * * *
You climb downwards.
You hear the roar of battle.
There is an entrance to a bailey on this level.
Hurry and find it before the portal closes forever! 3 orcs and an orc wizard come into view.
The orc shouts! x3
Found a runed spear, two halberds, a spear and 17 gold pieces.
Found a flagged portal.
There is a stone staircase leading up here.
The nine-headed hydra bites you but does no damage.
The nine-headed hydra bites you!
* * * LOW HITPOINT WARNING * * *
The nine-headed hydra bites you but does no damage.
The nine-headed hydra closely misses you.
The nine-headed hydra bites you!
You die...

###### ...
#.$... ..
#..)..###..
..)∩).....
...).....#
.........#
.......D.#
.......@.+
.........#
#########..
.... .oo..
...o. .o..
....


You could see a nine-headed hydra, an orc wizard and 3 orcs.

Vanquished Creatures
  The ghost of Dawnplanks the Shield-Bearer, a novice GnFi of Ru (D:6)
  An unseen horror (D:10)
  Prince Ribbit (D:9)
  A hippogriff (D:7)
  A hornet (D:8)
  5 yaks (D:10)
  Eustachio (D:4)
  A soldier ant (D:8)
  A water moccasin (D:7)
  3 orc warriors
  2 sky beasts
  2 necrophages
  5 phantoms
  5 ogres
  3 centaurs
  A big kobold (D:10)
  Blork the orc (D:8)
  3 bullfrogs
  A water moccasin zombie (D:5)
  5 scorpions
  6 killer bees (D:10)
  An electric eel (D:9)
  6 howler monkeys
  A centaur zombie (D:6)
  5 crimson imps
  A jelly (D:9)
  A bullfrog zombie (D:9)
  3 hounds
  6 orc priests
  A bullfrog skeleton (D:10)
  15 orc wizards
  An iguana (D:4)
  6 worker ants
  3 hound skeletons
  A worker ant zombie (D:5)
  A gnoll (D:1)
  A howler monkey zombie (D:8)
  11 adders
  A shadow imp (D:6)
  3 oozes
  2 adder skeletons
  3 worms
  3 dart slugs
  5 leopard geckos
  46 orcs
  A ball python (D:3)
  5 bats
  5 giant cockroaches
  6 goblins
  8 hobgoblins
  11 jackals
  A quokka (D:2)
  4 frilled lizards
  12 kobolds
  2 quokka skeletons
  A quokka zombie (D:6)
  7 rats
  2 plants (D:9)
242 creatures vanquished.

Vanquished Creatures (others)
  A plant (D:9)
1 creature vanquished.

Grand Total: 243 creatures vanquished

Notes
Turn   | Place    | Note
-------+----------+-------------------------------------------
     0 | D:1      | BingusPrime the Minotaur Fighter began the quest for the Orb.
     0 | D:1      | Reached XP level 1. HP: 19/19 MP: 0/0
   205 | D:1      | Reached XP level 2. HP: 25/27 MP: 1/1
   561 | D:2      | Reached XP level 3. HP: 33/33 MP: 2/2
   731 | D:2      | Reached skill level 3 in Axes
   946 | D:2      | Reached XP level 4. HP: 40/40 MP: 3/3
  1353 | D:3      | Found a shadowy altar of Dithmenos.
  1507 | D:3      | Reached skill level 4 in Axes
  1528 | D:3      | Reached XP level 5. HP: 25/47 MP: 4/4
  1814 | D:3      | Reached skill level 5 in Axes
  2065 | D:3      | Found an opulent altar of Gozag.
  2500 | D:3      | Became a worshipper of Dithmenos the Shadowed
  2507 | D:4      | Noticed an ogre
  2514 | D:4      | Noticed a phantom
  2514 | D:4      | Killed an ogre
  2514 | D:4      | Reached skill level 1 in Throwing
  2514 | D:4      | Reached XP level 6. HP: 21/53 MP: 5/5
  2724 | D:4      | Reached skill level 6 in Axes
  2724 | D:4      | Reached skill level 5 in Armour
  2842 | D:4      | Reached XP level 7. HP: 57/60 MP: 6/6
  2889 | D:4      | Reached skill level 7 in Axes
  2987 | D:4      | Found a shimmering altar of Xom.
  3114 | D:4      | Found Kaucas's Antique Armour Shoppe.
  3252 | D:4      | Found a glowing silver altar of Zin.
  3302 | D:5      | Entered Level 5 of the Dungeon
  3316 | D:5      | Reached skill level 5 in Shields
  3328 | D:5      | Reached * piety under Dithmenos
  3347 | D:5      | Reached skill level 1 in Dodging
  3619 | D:5      | Reached XP level 8. HP: 66/67 MP: 7/7
  3726 | D:5      | Found a deep blue altar of Sif Muna.
  3731 | D:5      | Noticed Eustachio
  3818 | D:4      | Killed Eustachio
  3818 | D:4      | Reached skill level 5 in Fighting
  3818 | D:4      | Reached skill level 8 in Axes
  3916 | D:5      | Found a staircase to the Ecumenical Temple.
  4354 | D:5      | Reached skill level 9 in Axes
  4972 | D:6      | Reached ** piety under Dithmenos
  5141 | D:6      | Noticed Dawnplanks's ghost (novice GnFi)
  5340 | D:6      | Killed Dawnplanks's ghost
  5340 | D:6      | Reached skill level 10 in Axes
  5340 | D:6      | Reached XP level 9. HP: 45/74 MP: 8/8
  5758 | D:6      | Reached skill level 11 in Axes
  5758 | D:6      | Reached skill level 1 in Stealth
  6900 | D:7      | Reached *** piety under Dithmenos
  7257 | D:7      | Found a burning altar of Makhleb.
  7732 | D:8      | Found a sparkling altar of Nemelex Xobeh.
  7790 | D:8      | Noticed Blork the orc
  7863 | D:8      | Killed Blork the orc
  8009 | D:8      | Reached XP level 10. HP: 62/84 MP: 9/9
  8574 | D:8      | Reached skill level 12 in Axes
  8803 | D:8      | Found a deep blue altar of Sif Muna.
  9146 | D:9      | Found a white marble altar of Elyvilon.
  9147 | D:9      | Found a glowing golden altar of the Shining One.
  9184 | D:9      | Noticed Prince Ribbit
  9220 | D:9      | Killed Prince Ribbit
  9461 | D:9      | Found a bloodstained altar of Trog.
  9535 | D:9      | Found a hazy altar of Hepliaklqana.
 10390 | D:10     | Entered Level 10 of the Dungeon
 10436 | D:10     | Reached skill level 13 in Axes
 10450 | D:10     | Reached **** piety under Dithmenos
 10847 | D:10     | Found a staircase to the Orcish Mines.
 10977 | D:10     | Killed an unseen horror
 11329 | D:10     | Noticed a cyclops
 11329 | D:10     | Noticed a seven-headed hydra
 11579 | D:10     | Noticed an eight-headed hydra
 11709 | D:11     | Found a flagged portal.
 11710 | D:11     | Slain by a nine-headed hydra

Vault maps used:
D:1:      dpeg_arrival_tiny_i, serial_glass, glass_columns_b, glass_columns_a,
          glass_columns_c, glass_columns_c, glass_columns_c, glass_columns_a,
          glass_columns_b, glass_columns_a, glass_columns_c, glass_columns_a,
          feat_on_display, due_unseen_surprise, feat_on_display,
          serial_bayou_lagoon_b
D:2:      serial_glass, glass_columns_a, glass_columns_a
D:3:      marbit_many_paths, grunt_dithmenos_smoke
D:4:      lemuel_round_altar, zin_treasury, serial_shops,
          nicolae_shop_behind_doors
D:5:      cheibrodos_helix_gallery, lemuel_crystal_altar,
          minmay_temple_entry_fiery, first_bread, uniq_eustachio
D:6:      kennysheep_generic_room_10
D:7:      makhleb_blood_cavern_becter
D:8:      overflow_temple_1_default, hangedman_pestilent_swarm, tgw_sif
D:9:      nicolae_overflow_crystal_walls, gammafunk_temple_overflow_statue,
          lemuel_doored_altar, serial_bayou, serial_bayou_shore_a,
          serial_bayou_lagoon_a, serial_bayou_ford_a, serial_bayou_pond_a,
          uniq_prince_ribbit1
D:10:     orc_0_dummy, minmay_diamond_spiral
D:11:     dpeg_lair_monsters, enter_bailey_2, uniq_erica

Skill      XL: |  1  2  3  4  5  6  7  8  9 10 |
---------------+-------------------------------+-----
Fighting       | 4 5 6 7 |  7.5
Armour         | 4 5 6 8 |  8.8
Shields        | 4 5 6 7 |  7.8
Axes           | 3 4 5 6 7 10 11 13 | 13.6
Throwing       | 1 2 3 4 |  4.6
Dodging        | 1 2 |  2.9
Stealth        | 1 |  1.1

Action                   |  1- 3 |  4- 6 |  7- 9 | 10-12 || total
-------------------------+-------+-------+-------+-------++-------
Melee: War axe           |    64 |   165 |   334 |   225 ||   788
       Headbutt          |     4 |    21 |    74 |    45 ||   144
       Battleaxe         |       |       |       |     7 ||     7
Throw: Stone             |     6 |    60 |   101 |    24 ||   191
       Tomahawk          |       |       |     9 |     7 ||    16
Evoke: Wand              |       |       |     3 |       ||     3
  Use: Potion            |       |       |     4 |     1 ||     5
       Scroll            |       |       |    13 |     7 ||    20
  Eat: Chunk             |       |     6 |     6 |     8 ||    20
       Bread ration      |       |       |     2 |       ||     2
       Royal jelly       |       |       |     1 |     1 ||     2
       Meat ration       |       |       |       |     1 ||     1
Armor: Scale mail        |    14 |       |       |       ||    14
       Chain mail        |    10 |    71 |   140 |    93 ||   314
       Plate armour      |       |       |       |    10 ||    10
Dodge: Dodged            |    18 |    32 |    78 |    68 ||   196
Block: Shield            |    34 |    62 |   153 |    82 ||   331

Table legend:
 A = Spawn XP
 B = Non-spawn XP
 C = Spawn XP percentage of total XP
 D = Spawn monster count
 E = Non-spawn monster count
 F = Spawn count percentage of total count
 G = Total turns spent on level
                    A         B        C        D         E        F      G
               +---------+---------+-------+---------+---------+-------+---------
         Total |       0 |   10106 |   0.0 |       0 |     240 |   0.0 | 11710
               +---------+---------+-------+---------+---------+-------+---------
           D:1 |       0 |      32 |   0.0 |       0 |       7 |   0.0 |   556
           D:2 |       0 |     108 |   0.0 |       0 |      29 |   0.0 |   743
           D:3 |       0 |     191 |   0.0 |       0 |      32 |   0.0 |  1388
           D:4 |       0 |     959 |   0.0 |       0 |      30 |   0.0 |   989
           D:5 |       0 |     936 |   0.0 |       0 |      30 |   0.0 |  1218
           D:6 |       0 |    1565 |   0.0 |       0 |      21 |   0.0 |  1386
           D:7 |       0 |     977 |   0.0 |       0 |      17 |   0.0 |  1067
           D:8 |       0 |    1261 |   0.0 |       0 |      21 |   0.0 |  1680
           D:9 |       0 |    1373 |   0.0 |       0 |      18 |   0.0 |  1474
          D:10 |       0 |    2704 |   0.0 |       0 |      35 |   0.0 |  1208
               +---------+---------+-------+---------+---------+-------+---------
